 Dungeon Crawl Stone Soup version 0.31-a0-267-g3fc6992b3b (webtiles) character file.

Game seed: 8931507357606428029

3 British0li the Sneak (level 1, -5/18 HPs)
             Began as a Demonspawn Delver on July 14, 2023.
             Slain by a phantom (7 damage)
             ... on level 4 of the Dungeon.
             The game lasted 00:00:55 (148 turns).

British0li the Sneak (Demonspawn Delver)             Turns: 148, Time: 00:00:55

Health: -5/18      AC:  3    Str: 12    XL:     1   Next: 41%
Magic:  1/1        EV: 11    Int: 11    God:
Gold:   23         SH:  0    Dex: 14    Spells: 0/0 levels left

rFire   . . .        a - +0 falchion
rCold   . . .        (no shield)
rNeg    . . .        b - +0 leather armour
rPois   .            (no helmet)
rElec   .            (no cloak)
rCorr   .            (no gloves)
SInv    .            (no boots)
Will    .....        (no amulet)
Stlth   ++           (no ring)
HPRegen 0.23/turn    (no ring)
MPRegen 0.07/turn

%: no passive effects
@: no status effects
A: no striking features
a: no special abilities


You were on level 4 of the Dungeon.
You visited 1 branch of the dungeon, and saw 2 of its levels.

You collected 23 gold pieces.

Inventory:

Hand Weapons
 a - a +0 falchion (weapon)
Armour
 b - a +0 leather armour (worn)
Wands
 g - a wand of digging (3)
Scrolls
 c - a scroll of fog
 e - a scroll of fear
Potions
 f - a potion of haste
 h - a potion of lignification {unknown}


   Skills:
 + Level 3.0 Fighting
 + Level 1.8 Long Blades
 + Level 1.8 Dodging
 + Level 4.5 Stealth


You couldn't memorise any spells.
You didn't know any spells.
Your spell library was empty.

Dungeon Overview and Level Annotations

Branches:
Dungeon (5/15)
 Temple: D:4-7

Altars:
Vehumet


Message History

The giant cockroach is heavily wounded.
The giant cockroach bites you but does no damage.
The giant cockroach bites you.
You closely miss the giant cockroach.
The giant cockroach is heavily wounded.
The giant cockroach barely misses you.
You closely miss the giant cockroach.
The giant cockroach is heavily wounded.
The giant cockroach bites you but does no damage. x2
You barely miss the giant cockroach.
The giant cockroach is heavily wounded.
The giant cockroach bites you but does no damage.
You hit the giant cockroach but do no damage.
The giant cockroach is heavily wounded.
The giant cockroach barely misses you.
The giant cockroach bites you but does no damage.
You hit the giant cockroach.
You kill the giant cockroach!
You see here a giant cockroach corpse.
A phantom comes into view.
Found a dagger.
An iguana comes into view.
Found a radiant altar of Vehumet.
There is a stone staircase leading down here.
You miss the phantom. The phantom hits you.
You closely miss the phantom. The phantom hits you.
You closely miss the phantom. The phantom hits you.
* * * LOW HITPOINT WARNING * * *
You hit the phantom.
The phantom is lightly damaged.
The phantom hits you.
* * * LOW HITPOINT WARNING * * *
You completely miss the phantom.
The phantom is lightly damaged.
The phantom hits you but does no damage.
The phantom barely misses you.
You hit the phantom.
The phantom is moderately damaged.
The phantom hits you!
You die...

,,,* *,,,,,,,* *,* ,,**
*,,.....######.### *,*
*,,..)..#####..### *,*
*,,.........#.#### *,*
*,,.....###.#.#### *,*
***########.#.#### *,*
########$#.####### *,*
*#####..†..).#.....#####** *,****
*........@W.............,, ,,,,,*
*)####.###...##......P..,,
,,**,***,####.#.....#...≈≈..P._,,
,,,,,,,,,...........#...≈≈..P.l,,
,***<***,#.##.###...#...≈≈..PPP,,
,***,* *,#.##...........≈≈.....,,
,,,,,* *,...............≈≈)....,,
,***** **...####.#......≈≈≈≈≈≈≈,,
,* *,,,* *,*,**,,,~~~~~~~,,


You could see a phantom.

Vanquished Creatures
  An orc (D:4)
  A giant cockroach (D:4)
2 creatures vanquished.

Notes
Turn   | Place    | Note
-------+----------+-------------------------------------------
     0 | D:5      | British0li the Demonspawn Delver began the quest for the
                  | Orb.
     0 | D:5      | Reached XP level 1. HP: 18/18 MP: 1/1
     7 | D:5      | Noticed a black bear
     8 | D:5      | Noticed an iguana
   131 | D:4      | Noticed a phantom
   134 | D:4      | Found a radiant altar of Vehumet.
   134 | D:4      | Noticed an iguana
   148 | D:4      | Slain by a phantom

Illustrated notes

Levels and vault maps discovered:
D:4:      layout_loops_cross, cheibriados_altar_1, mainiacjoe_overflow_chevrons,
          mainiacjoe_overflow_six_doors_small, nicolae_ossuary_entry_ruins
D:5:      layout_basic

Action                     || total
---------------------------++-------
  Melee: Falchion          ||    20
    Use: Scroll            ||     1
 Armour: Leather armour    ||    10
  Dodge: Dodged            ||    10

Table legend: (Time is in decaauts)
 A = Elapsed time spent in this place.
 B = Non-inter-level travel time spent in this place.
 C = Inter-level travel time spent in this place.
 D = Time resting spent in this place.
 E = Time spent auto-exploring this place.
 F = Levels seen in this place.
 G = Mean time per level.
                   A        B        C        D        E       F      G
               +--------+--------+--------+--------+--------+-----+--------+
         Total |    151 |    151 |      0 |      0 |     45 |   2 |   75.5 |
       Dungeon |    151 |    151 |      0 |      0 |     45 |   2 |   75.5 |
               +--------+--------+--------+--------+--------+-----+--------+

Top non-repeatable levels by time:
     D:5: 106 daAuts
     D:4: 45 daAuts
